Unix xNetHack Version 8.0.0 - last build Jan 14 2024 16:46:22 (be4d3c81716514284228e1a23197c27ddb32b841). Game began 2024-03-08 21:26:47, ended 2024-03-08 21:34:14. Catomat, neutral female human Wizard ---------- |.<......| |........| |........| ------- |........| |{....| |........| #|......# |........-# ##-.....|# ---+- --------|-######--.----# |....############################## ########## |...| ------- ##### # # # |...| |.....| # # |...-## |.....| ### # |...| #####.......## # ## ----- ------- # # ------# ####---.-- .....|# #|....| |...@-# #..*..| |.>..| ------ ------ Catomat the Conjurer St:7 Dx:13 Co:16 In:18 Wi:11 Ch:9 Neutral S:336 Dlvl:3 $:42 HP:0(28) Pw:25(39) AC:9 Xp:3/46 T:682 Blind Deaf Latest messages: Thwack!! In what direction? You kick the door. The door crashes open! You see here a red gem. You swap places with Mewmew. You swap places with Mewmew. The newt bites! Mewmew bites the newt. The newt is killed! The door opens. You see here a tin. q - a tin {10}. There is nothing here to pick up. The door opens. You are momentarily blinded by a flash of light! You hear a deafening roar! Wait! There's something there you can't see! It misses. It bites! It bites! Wait! There's something there you can't see! You are hit. It bites! It bites! It bites! It bites! In what direction? The spell misses it. It bites! It bites! It bites! In what direction? The spell hits it. You are hit. It bites! It bites! It bites! What do you want to zap? [g or ?*] In what direction? The wand misses it. You are hit. It bites! It bites! You die... Do you want your possessions identified? [ynq] (y) Do you want to see your attributes? [ynq] (y) Do you want an account of creatures vanquished? [ynaq] (y) Do you want to see your conduct and achievements? [ynq] (y) Do you want to see the dungeon overview? [ynq] (y) Inventory: Inventory: 368/625 weight (15/52 slots) Coins $ - 42 gold pieces {1} Weapons a - a blessed +1 quarterstaff (weapon in hands) {40} Armor b - an uncursed +0 cloak of magic resistance (being worn) {8} Comestibles l - 2 cursed food rations {40} m - an uncursed melon {5} q - an uncursed tin of candied red mold {10} h - 3 uncursed lichen corpses {60} Scrolls o - an uncursed scroll of teleportation {5} Spellbooks e - an uncursed spellbook of detect monsters {45} c - a blessed spellbook of force bolt {35} f - an uncursed spellbook of healing {35} d - a blessed spellbook of magic missile {40} Potions p - an uncursed potion of oil {20} Rings i - an uncursed ring of poison resistance {3} Wands g - a wand of striking (0:2) {7} Tools n - a can of grease (0:25) {15} Catomat the Wizard's attributes: Background: You were a Conjurer, a level 3 female human Wizard. You were neutral, on a mission for Thoth who was opposed by Ptah (lawful) and Anhur (chaotic). You were heterosexual. You were in the Dungeons of Doom, on level 3. You entered the dungeon 682 turns ago. You had 46 experience points, 34 more were needed to attain level 4. Your score was 336 before end-of-game adjustments. Basics: You had 0 out of 28 hit points. You had 25 out of 39 energy points (spell power). Your armor class was 9. Your wallet contained 42 zorkmids. Autopickup was on for '$"?!=/' plus thrown. Final Characteristics: Your strength was 7 (limit:18/100). Your dexterity was 13 (peak:14, limit:18). Your constitution was 16 (limit:18). Your intelligence was 18 (limit:18). Your wisdom was 11 (limit:18). Your charisma was 9 (limit:18). Final Status: You were temporarily blind. You were deaf. You were not hungry. You were unencumbered. You were wielding a quarterstaff. You had basic skill with quarterstaff. Final Attributes: You were fervently aligned. You were magic-protected. You were warded. You are dead. Miscellaneous: You never encountered a bones level. Total elapsed playing time was 7 minutes and 26 seconds. Major events: Turn 1: Catomat the neutral female human Wizard entered the dungeon 466: entered the Gnomish Mines 475: attained the rank of Conjurer (level 3) 682: killed by a cave spider Vanquished creatures: a gnome leader a giant rat 2 gnomes 2 geckos a jackal a fox a goblin a sewer rat a grid bug 3 lichens 4 newts 18 creatures vanquished. No species were genocided or became extinct. Voluntary challenges: You were an atheist. You read items or engraved 2 times. You never genocided any monsters. You never polymorphed an object. You never changed form. You never touched an artifact. You used no wishes. You never scared an enemy with impunity. You were celibate. You never generated conflict. Achievements: You entered the Gnomish Mines. You attained the rank of Conjurer. Dungeon overview: The Dungeons of Doom: levels 1 to 3 Level 1: Level 2: Stairs down to The Gnomish Mines. Level 3: <- You were here. A fountain. Final resting place for you, killed by a cave spider. The Gnomish Mines: Level 3: Game over: __________ / \ / REST \ / IN \ / PEACE \ / \ | Catomat | | 42 Au | | killed by a cave | | spider | | | | | | 2024 | *| * * * | * _________)/\\_//(\/(/\)/\//\/|_)_______ Goodbye Catomat the Wizard... You died in The Dungeons of Doom on dungeon level 3 with 332 points, and 42 pieces of gold, after 682 moves. You were level 3 with a maximum of 28 hit points when you died.